 Dungeon Crawl Stone Soup version 0.27-a0-249-g74f53ef629 (webtiles) character file.

Game seed: 5211819796050274193

1630 heikuro the Chopper (level 9, -11/70 HPs)
             Began as a Formicid Abyssal Knight on Feb 3, 2021.
             Was a Priest of Lugonu.
             Mangled by an ogre
             ... wielding a +0 giant spiked club
              (12 damage)
             ... on level 6 of the Dungeon.
             The game lasted 00:16:57 (6493 turns).

heikuro the Chopper (Formicid Abyssal Knight)       Turns: 6493, Time: 00:16:57

Health: -11/70     AC: 13    Str: 28    XL:     9   Next: 18%
Magic:  13/13      EV:  9    Int: 16    God:    Lugonu [***...]
Gold:   325        SH:  0    Dex: 10    Spells: 8/8 levels left

rFire    . . .     SeeInvis +   a - +0 war axe
rCold    . . .     Faith    .   (no shield)
rNeg     . . .     Spirit   .   u - +0 chain mail of the Sea {Str+3 Int+3} (curse)
rPois    .         Reflect  .   (helmet unavailable)
rElec    .         Harm     .   y - +1 cloak
rCorr    .         Rampage  .   k - +0 pair of gloves
Will     .....                  (no boots)
Stlth    ..........             p - amulet of magic regeneration
HPRegen  0.21/turn              c - ring of teleportation (curse)
MPRegen  0.38/turn              o - +6 ring of strength

@: no status effects
A: permanent stasis, dig shafts and tunnels, four strong arms, antennae 3
a: Dig, Shaft Self, Renounce Religion, Depart the Abyss, Bend Space, Banish


You were on level 6 of the Dungeon.
You worshipped Lugonu.
Lugonu was most pleased with you.
You visited 2 branches of the dungeon, and saw 7 of its levels.
You visited the Abyss 1 time.

You collected 325 gold pieces.

Inventory:

Hand Weapons
 a - a +0 war axe (weapon)
 b - a +0 hunting sling
Missiles
 f - 63 sling bullets
Armour
 k - a +0 pair of gloves (worn)
 u - the cursed +0 chain mail of the Sea (worn) {Str+3 Int+3}
   (You found it on level 4 of the Dungeon)

   It affects your strength (+3).
   It affects your intelligence (+3).
   It has a curse placed upon it.
 y - a +1 cloak (worn)
Jewellery
 c - a cursed ring of teleportation (left hand)
 e - an uncursed ring of ice
 o - a +6 ring of strength (right hand)
 p - an amulet of magic regeneration (around neck)
 s - an uncursed ring of ice
Wands
 z - a wand of acid (3)
Scrolls
 h - a scroll of amnesia {unknown}
 i - a scroll of enchant weapon {unknown}
 l - 3 scrolls of remove curse
 n - a scroll of blinking {unknown}
 t - a scroll of magic mapping {unknown}
 v - a scroll of immolation {unknown}
Potions
 d - 4 potions of curing
 g - 2 potions of mutation
 j - a potion of ambrosia
 m - a potion of brilliance
 q - 2 potions of attraction
 r - 3 potions of lignification
 w - 2 potions of berserk rage {unknown}
 x - 2 potions of flight


   Skills:
 + Level 6.3 Fighting
 * Level 7.1 Axes
 + Level 5.7 Armour
 - Level 1.0 Dodging
 + Level 6.2 Invocations


You had 8 spell levels left.
You didn't know any spells.
Your spell library was empty.

Dungeon Overview and Level Annotations

Branches:
Dungeon (6/15)             Temple (1/1) D:5

Altars:
Ashenzari
Cheibriados
Dithmenos
Elyvilon
Hepliaklqana
Kikubaaqudgha
Nemelex Xobeh
Okawaru
Ru
Uskayaw
Vehumet
Wu Jian
Xom


Innate Abilities, Weirdness & Mutations

You cannot be hasted, slowed, berserked, paralysed or teleported.
You can dig through walls and to a lower floor.
Your four strong arms can wield two-handed weapons with a shield.
You have a pair of large antennae on your head. (SInv)


Message History

You slash the ogre!
The ogre is heavily wounded.
The ogre hits you with a +0 giant spiked club!!
* * * LOW HITPOINT WARNING * * *
You hit the ogre.
The ogre is heavily wounded.
The ogre hits you but does no damage.
You hit the ogre.
The ogre is severely wounded.
The ogre barely misses you.
You barely miss the ogre.
The ogre is severely wounded.
You hit the ogre.
The ogre is almost dead.
The ogre hits you with a +0 giant spiked club!!
* * * LOW HITPOINT WARNING * * *
You hit the ogre.
The ogre is almost dead.
The ogre hits you with a +0 giant spiked club!
You die...

#.# #............ ###.#
###.#.####... #...# #.#.####..#
#.#######......#..#
###......###..##.#... ###
#.....##.##.#.##.#..# ..#
#.....##.#.###....... #.#
#######.........## ##..#.##
#.#####<....#...@.##.#.###.....#
........###.#...O)##.#..#.#.#####
#.#########...#..<)..#...##.# #
.)# ##.....#######......# # ###
#.......# #...#### # #.......#
#...# # ######.......# #...###
### ####.....#..<..## #...# .#
#.. #.....##.#..O...# #...# .##.#


You could see an ogre.

Vanquished Creatures
  An ice beast (D:6)
  A centaur (D:5)
  A phantom (D:4)
  3 bullfrogs
  A scorpion (D:5)
  A jelly (D:5)
  A quasit (D:5)
  A bullfrog zombie (D:6)
  5 hounds
  6 orc priests
  3 bullfrog skeletons
  5 worker ants
  6 orc wizards
  A killer bee zombie (D:6)
  A worker ant zombie (D:5)
  7 gnolls
  13 adders
  2 white imps
  3 ufetubi
  An ooze (D:4)
  2 adder zombies
  A worm (D:5)
  2 leopard geckos
  14 orcs
  5 giant cockroaches
  12 goblins
  5 hobgoblins
  3 jackals
  7 kobolds
  3 quokkas
  2 ball pythons (D:3)
  A ball python skeleton (D:5)
  10 bats
  2 frilled lizards
  A quokka skeleton (D:5)
  3 rats
136 creatures vanquished.

Notes
Turn   | Place    | Note
-------+----------+-------------------------------------------
     0 | Abyss:1  | heikuro the Formicid Abyssal Knight began the quest for the
                  | Orb.
     0 | Abyss:1  | Reached XP level 1. HP: 18/18 MP: 2/2
   104 | Abyss:1  | Noticed a glowing orange brain
   106 | D:1      | Escaped the Abyss
   180 | D:1      | Reached skill level 1 in Dodging
   410 | D:1      | Reached XP level 2. HP: 23/24 MP: 3/3
   410 | D:1      | Reached * piety under Lugonu
   704 | D:1      | Reached XP level 3. HP: 28/29 MP: 4/4
  1577 | D:2      | Reached XP level 4. HP: 29/37 MP: 6/6
  1580 | D:2      | Reached skill level 3 in Axes
  1654 | D:2      | Found a sparkling altar of Nemelex Xobeh.
  1712 | D:2      | Found a snail-covered altar of Cheibriados.
  1947 | D:3      | Reached ** piety under Lugonu
  2147 | D:3      | Reached XP level 5. HP: 24/42 MP: 7/7
  2718 | D:3      | Found a hazy altar of Hepliaklqana.
  3130 | D:4      | Reached XP level 6. HP: 48/48 MP: 8/8
  3187 | D:4      | Reached skill level 4 in Axes
  3238 | D:4      | Found Vebikh's Magic Scroll Emporium.
  3442 | D:4      | Reached XP level 7. HP: 47/55 MP: 10/10
  3575 | D:4      | Found a radiant altar of Vehumet.
  3793 | D:4      | Got a pitted chain mail
  3804 | D:4      | Identified the cursed +0 chain mail of the Sea {Str+3
                  | Int+3} (You found it on level 4 of the Dungeon)
  3916 | D:5      | Entered Level 5 of the Dungeon
  4390 | D:5      | Found a staircase to the Ecumenical Temple.
  4399 | D:5      | Reached skill level 5 in Axes
  4418 | Temple   | Entered the Ecumenical Temple
  4590 | D:5      | Reached skill level 5 in Fighting
  4609 | D:5      | Reached *** piety under Lugonu
  4768 | D:5      | Reached XP level 8. HP: 41/62 MP: 11/11
  5073 | D:5      | Reached skill level 5 in Invocations
  5328 | D:5      | Reached skill level 6 in Axes
  5452 | D:5      | Found a sacrificial altar of Ru.
  5552 | D:5      | Reached skill level 5 in Armour
  5843 | D:6      | Upgraded the game from 0.27-a0-242-ge0fc76b88b to
                  | 0.27-a0-249-g74f53ef629
  6017 | D:6      | Reached XP level 9. HP: 66/69 MP: 13/13
  6303 | D:6      | Reached skill level 7 in Axes
  6492 | D:6      | HP: 1/70 [ogre/+0 giant spiked club (19)]
  6493 | D:6      | Mangled by an ogre

Illustrated notes

Levels and vault maps discovered:
D:1:      wander_arrival_peaceful_grave, layout_loops_cross
D:2:      layout_rooms, cheibriados_altar_1, old_standard_altar
D:3:      layout_basic, old_standard_altar, minmay_distorted
D:4:      layout_basic, overflow_temple_1_default, serial_shops,
          kennysheep_little_box
D:5:      minmay_clustersquares, layout_gridville,
          minmay_temple_entry_purple_smoke, dk_noncrumbling_4,
          nicolae_ru_path_of_blood
D:6:      layout_loops_cross, grunt_temple_overflow_holy_war,
          grunt_temple_overflow_open
Temple:   dpeg_three_leaves_temple

Skill      XL: |  1  2  3  4  5  6  7  8  9 |
---------------+----------------------------+-----
Dodging        | 1 |  1.0
Invocations    | 3 4 5 6 |  6.2
Axes           | 3 4 5 6 7 |  7.1
Armour         | 3 4 5 |  5.7
Fighting       | 4 5 6 |  6.3

Action                   |  1- 3 |  4- 6 |  7- 9 || total
-------------------------+-------+-------+-------++-------
Melee: Hand axe          |    90 |   131 |       ||   221
       War axe           |       |    45 |   285 ||   330
Invok: Depart the Abyss  |     1 |       |       ||     1
 Abil: Dig               |       |     5 |     1 ||     6
  Use: Scroll            |     2 |     6 |     1 ||     9
       Potion            |       |     1 |       ||     1
Armor: Leather armour    |    24 |     2 |       ||    26
       Chain mail        |       |   122 |   208 ||   330
Dodge: Dodged            |    55 |    93 |   141 ||   289

Table legend: (Time is in decaauts)
 A = Elapsed time spent in this place.
 B = Non-inter-level travel time spent in this place.
 C = Inter-level travel time spent in this place.
 D = Time resting spent in this place.
 E = Time spent auto-exploring this place.
 F = Levels seen in this place.
 G = Mean time per level.
                   A        B        C        D        E       F      G
               +--------+--------+--------+--------+--------+-----+--------+
         Total |   6604 |   6380 |    224 |   2089 |   1562 |   8 |  825.5 |
       Dungeon |   6380 |   6170 |    210 |   2089 |   1460 |   6 | 1063.3 |
        Temple |    117 |    103 |     14 |      0 |    102 |   1 |  117.0 |
         Abyss |    106 |    106 |      0 |      0 |      0 |   1 |  106.0 |
               +--------+--------+--------+--------+--------+-----+--------+

Top non-repeatable levels by time:
     D:5: 1852 daAuts
     D:3: 1138 daAuts
     D:1: 1074 daAuts
     D:4: 894 daAuts
     D:2: 780 daAuts
     D:6: 639 daAuts
  Temple: 117 daAuts
 Abyss:1: 106 daAuts
